 Dungeon Sprint DCSS version 0.30-a0-802-gb92711bcdf (webtiles) character file.

Game seed: 18248858467265340145

1100000 BigDaddyOpFi the Nimble (level 12, -7/93 HPs)
             Began as a Djinni Warper on Feb 24, 2023.
             Was a Believer of Makhleb.
             Mangled by a meat berserker
             ... wielding a +9 battleaxe
              (77 damage)
             ... in the Dungeon (Sprint VIII: "Arena of Blood").
             The game lasted 00:00:11 (11 turns).

BigDaddyOpFi the Nimble (Djinni Warper)               Turns: 11, Time: 00:00:11

Health: -7/93      AC:  4    Str: 10    XL:     12   Next: 35%
Gold:   0          EV: 18    Int: 15    God:    Makhleb [**....] SH:  0 Dex: 18

rFire   + + .      SeeInvis .    h - +∞ Axe of Woe
rCold   x . .      Faith    .    (shield currently unavailable)
rNeg    . . .      Spirit   .    a - +0 leather armour
rPois   ∞          Reflect  .    (no helmet)
rElec   .          Harm     .    (no cloak)
rCorr   .          Rampage  .    (no gloves)
Will    +....      NoTele   +    (boots unavailable)
Stlth   ++++                     (no amulet)
HPRegen 0.35/turn                (no ring)
MPRegen 0.00/turn                (no ring)

@: flying
A: sickness immunity, fire resistance 2, cold vulnerability 1, float, innate
caster, HP casting, extra vitality 1
a: Renounce Religion, Minor Destruction


You were in the Dungeon.
You worshipped Makhleb.
Makhleb was pleased with you.
You visited 1 branch

Inventory:

Hand Weapons
 h - the +∞ Axe of Woe (weapon)
   (You found it in the Dungeon)
Missiles
 c - 7 boomerangs of dispersal (quivered)
Armour
 a - a +0 leather armour (worn)
Scrolls
 b - 2 scrolls of blinking
Potions
 d - a potion of curing
 e - a potion of heal wounds
 f - a potion of haste
 g - a potion of berserk rage


   Skills:
 + Level 10.6 Fighting
 + Level 8.7 Axes
 + Level 8.7 Throwing
 + Level 10.3 Armour
 + Level 11.4 Dodging
 + Level 9.4 Stealth
 + Level 10.5 Unarmed Combat
 + Level 8.3 Spellcasting
 + Level 10.3 Invocations


You knew the following spells:

 Your Spells              Type           Power      Damage    Failure   Level
a - Blink                 Tloc           62%        N/A       1%          2
b - Lesser Beckoning      Tloc           62%        N/A       1%          2
c - Vhi's Electric Charg  Tloc/Air       62%        N/A       1%          3
d - Teleport Other        Tloc           31%        N/A       1%          3
e - Manifold Assault      Tloc           31%        N/A       4%          4
f - Slow                  Hex            100%       N/A       1%          1
g - Scorch                Fire           62%        2d8       1%          2
h - Confusing Touch       Hex            31%        N/A       1%          3
i - Stone Arrow           Conj/Erth      62%        3d10      1%          3
j - Freezing Cloud        Conj/Ice/Air   15%        6-21      13%         5
Your spell library was empty.

Dungeon Overview and Level Annotations

Branches:
Dungeon (1/1)

Altars:
Makhleb


Innate Abilities, Weirdness & Mutations

You are immune to sickness and miasma.
You are immune to poison.
Your flesh is very heat resistant. (rF++)
You are vulnerable to cold. (rC-)
You float through the air rather than walking.
You learn spells naturally, not from books.
Your magical power is your life essence.
You have superior vitality. (+4 MHP)


Message History

You hear a shout! x3
The meat berserker hits you with a +9 battleaxe!!!
Ouch! That really hurt!
A bag of meat comes into view. It is wielding a +9 war axe.
You hear a shout! x5
The meat berserker hits you with a +9 battleaxe!!
* * * LOW HITPOINT WARNING * * *
You hear a shout!
The bag of meat moves out of view.
The meat berserker moves out of view.
Your Fighting skill increases to level 10!
Your Axes skill increases to level 8!
Your Throwing skill increases to level 8!
Your Armour skill increases to level 10!
Your Dodging skill increases to level 11!
Your Stealth skill increases to level 9!
Your Unarmed Combat skill increases to level 10!
Your Spellcasting skill increases to level 8!
Your Invocations skill gained 2 levels and is now at level 10!
You have reached level 12!
You feel agile.
Unknown command.
You slice the meat berserker!!
You slaughter the meat berserker joyfully.
You kill the meat berserker!
Makhleb accepts your kill.
You feel better.
You slash the bag of meat! You chop the bag of meat into pieces.
You kill the bag of meat!
Makhleb accepts your kill.
You feel better.
You slash the meat berserker!
You butcher the meat berserker messily.
You kill the meat berserker!
Makhleb accepts your kill.
You can now harness Makhleb's destructive might.
You hear a shout! x7
A bag of meat comes into view. It is wielding a +9 war axe. x3
You hear a shout! x2
The meat berserker hits you with a +9 battleaxe!!!!
Ouch! That really hurt!
You die...

o. ..... #.
...# #.. ...# .
.###.. ...###..
......###o.....
......_..O..
#.))o.# #_.@)_#
#..O).#
.o...._.....
......###......
.###.. ...###..
#.. ..o# . #.
...# .o ....o


You could see 2 meat berserkers and 7 bags of meat.

Vanquished Creatures
  2 ogres (D)
  3 orcs (D)
5 creatures vanquished.

Notes
Turn   | Place    | Note
-------+----------+-------------------------------------------
     0 | D        | Found the +∞ Axe of Woe
     0 | D        | BigDaddyOpFi the Djinni Warper began the quest for the Orb.
     0 | D        | BigDaddyOpFi set off with the following spells memorised:
                  | Blink, Lesser Beckoning, Vhi's Electric Charge, Teleport
                  | Other, Manifold Assault.
     0 | D        | Reached XP level 1. HP: 18/18 MP: 0/0
     2 | D        | Noticed a bag of meat
     2 | D        | Noticed a bag of meat
     4 | D        | Became a worshipper of Makhleb the Destroyer
     5 | D        | Noticed a bag of meat
     6 | D        | Noticed a bag of meat
     7 | D        | Noticed a meat berserker
     7 | D        | Noticed a meat berserker
     8 | D        | Noticed a meat berserker
     9 | D        | Killed a bag of meat
     9 | D        | Noticed a bag of meat
     9 | D        | Noticed a bag of meat
    10 | D        | Reached skill level 10 in Dodging
    10 | D        | Reached XP level 2. HP: 34/34 MP: 0/0
    10 | D        | Reached XP level 3. HP: 39/39 MP: 0/0
    10 | D        | Learned a level 1 spell: Slow
    10 | D        | Reached XP level 4. HP: 45/45 MP: 0/0
    10 | D        | Reached XP level 5. HP: 50/50 MP: 0/0
    10 | D        | Learned a level 2 spell: Scorch
    10 | D        | Reached XP level 6. HP: 56/56 MP: 0/0
    10 | D        | Reached XP level 7. HP: 61/61 MP: 0/0
    10 | D        | Learned a level 3 spell: Confusing Touch
    10 | D        | Reached XP level 8. HP: 67/67 MP: 0/0
    10 | D        | Reached XP level 9. HP: 72/72 MP: 0/0
    10 | D        | Learned a level 3 spell: Stone Arrow
    10 | D        | Reached XP level 10. HP: 78/78 MP: 0/0
    10 | D        | Reached XP level 11. HP: 84/84 MP: 0/0
    10 | D        | Learned a level 5 spell: Freezing Cloud
    10 | D        | Killed a bag of meat
    10 | D        | Reached * piety under Makhleb
    10 | D        | Noticed a bag of meat
    10 | D        | Noticed a meat berserker
    10 | D        | Noticed a bag of meat
    11 | D        | Reached skill level 10 in Fighting
    11 | D        | Reached skill level 10 in Armour
    11 | D        | Reached skill level 11 in Dodging
    11 | D        | Reached skill level 10 in Unarmed Combat
    11 | D        | Reached skill level 10 in Invocations
    11 | D        | Reached XP level 12. HP: 24/93 MP: 0/0
    11 | D        | Killed a meat berserker
    11 | D        | Killed a bag of meat
    11 | D        | Killed a meat berserker
    11 | D        | Reached ** piety under Makhleb
    11 | D        | Noticed a bag of meat
    11 | D        | Noticed a bag of meat
    11 | D        | Noticed a bag of meat
    11 | D        | Mangled by a meat berserker

Illustrated notes

Levels and vault maps discovered:
D:        meatsprint

Skill      XL: |  1  2  3  4  5  6  7  8  9 10 11 |
---------------+----------------------------------+-----
Fighting       | 9 10 | 10.6
Axes           | 7 8 |  8.7
Throwing       | 7 8 |  8.7
Armour         | 9 10 | 10.3
Dodging        | 10 11 | 11.4
Stealth        | 8 9 |  9.4
Unarmed Combat | 9 10 | 10.5
Spellcasting   | 7 8 |  8.3
Invocations    | 8 10 | 10.3

Action                     |  1- 3 |  4- 6 |  7- 9 | 10-12 || total
---------------------------+-------+-------+-------+-------++-------
  Melee: Executioner's axe |     1 |       |       |     2 ||     3

Table legend: (Time is in decaauts)
 A = Elapsed time spent in this place.
 B = Non-inter-level travel time spent in this place.
 C = Inter-level travel time spent in this place.
 D = Time resting spent in this place.
 E = Time spent auto-exploring this place.
 F = Levels seen in this place.
 G = Mean time per level.
                   A        B        C        D        E       F      G
               +--------+--------+--------+--------+--------+-----+--------+
         Total |     11 |     11 |      0 |      0 |      0 |   1 |   11.0 |
       Dungeon |     11 |     11 |      0 |      0 |      0 |   1 |   11.0 |
               +--------+--------+--------+--------+--------+-----+--------+

Top non-repeatable levels by time:
       D: 11 daAuts
